Map: Rainfall LE

Players

ViBE - Winner!

  • Race: Protoss Protoss
  • League: Master

FLZG

  • Race: Zerg Zerg
  • League: Platinum

VOD

Have the link to the VOD?

Description

B2GM - PvZ Macro Example - Platinum 2026

Time

  • Played on: Oct. 28, 2026, 9:05 p.m.
  • Length: 11:27
Show
View Real Time Build Order
Export as new Build Order

ViBE Protoss - Winner!

Build Orders: 1 Gate Expand, Archon Immortal 

Get SALT Encoding   

  12  0:00  Probe  
  13  0:12  Probe  
  14  0:21  Pylon  
  14  0:24  Probe  
  15  0:39  Probe (Chrono Boost)  
  15  0:41  Gateway  
  16  0:47  Assimilator  
  17  0:50  Probe (Chrono Boost)  
  17  0:55  Probe (Chrono Boost)  
  18  1:05  Probe  
  19  1:18  Probe  
  20  1:24  Nexus  
  20  1:30  Probe  
  21  1:36  Cybernetics Core  
  21  1:42  Probe  
  21  1:45  Pylon  
  22  1:52  Assimilator  
  22  1:55  Probe  
  23  2:07  Probe (Chrono Boost)  
  24  2:18  Probe (Chrono Boost)  
  25  2:23  Stalker, Probe (Chrono Boost), Warp Gate  
  28  2:33  Probe  
  29  2:37  Probe  
  29  2:42  Pylon  
  30  2:45  Probe (Chrono Boost)  
  30  2:48  Robotics Facility  
  30  2:49  Probe (Chrono Boost)  
  32  2:51  Stalker  
  32  2:57  Probe (Chrono Boost)  
  35  3:01  Probe (Chrono Boost)  
  35  3:04  Probe (Chrono Boost)  
  37  3:06  Probe (Chrono Boost)  
  37  3:12  Probe  
  39  3:15  Probe  
  40  3:21  Stalker  
  40  3:24  Probe  
  43  3:28  Probe  
  44  3:35  Immortal  
  44  3:36  Probe (Chrono Boost)  
  44  3:40  Probe (Chrono Boost)  
  50  3:42  Nexus  
  51  3:49  Pylon  
  51  3:52  Probe (Chrono Boost)  
  51  3:54  Probe (Chrono Boost)  
  54  3:56  Pylon  
  54  4:04  Probe  
  54  4:05  Probe  
  54  4:12  Gateway  
  54  4:15  Gateway  
  54  4:16  Probe  
  55  4:17  Probe  
  55  4:19  Twilight Council  
  56  4:24  Immortal  
  56  4:28  Stalker  
  56  4:29  Probe x2 (Chrono Boost)  
  64  4:31  Shield Battery  
  64  4:41  Probe x2 (Chrono Boost)  
  64  4:42  Assimilator  
  64  4:43  Assimilator, Pylon  
  66  4:47  Pylon  
  66  4:48  Probe x2 (Chrono Boost)  
  68  4:56  Probe x2  
  68  4:59  Probe  
  71  5:00  Stalker  
  71  5:06  Stalker  
  71  5:07  Stalker  
  77  5:08  Probe x2  
  77  5:11  Probe  
  80  5:15  Immortal (Chrono Boost)  
  80  5:20  Probe x2  
  86  5:23  Probe, Pylon  
  87  5:28  Pylon  
  87  5:32  Shield Battery, Probe  
  87  5:33  Probe  
  90  5:35  Probe  
  90  5:39  Stalker  
  90  5:41  Stalker  
  94  5:44  Probe  
  94  5:45  Probe, Stalker  
  94  5:48  Immortal (Chrono Boost)  
  98  5:55  Assimilator  
  98  5:56  Assimilator  
  102  6:02  Probe x3  
  105  6:06  Pylon  
  105  6:08  Stalker x3  
  111  6:14  Probe  
  111  6:15  Probe  
  111  6:16  Probe  
  114  6:23  Immortal (Chrono Boost)  
  118  6:26  Nexus  
  118  6:29  Pylon  
  118  6:33  Pylon  
  118  6:34  Probe  
  118  6:35  Probe x2  
  118  6:39  Stalker x2  
  125  6:48  Templar Archives, Charge  
  125  6:51  Forge  
  125  6:53  Forge  
  125  6:54  Stalker  
  125  6:57  Probe x3  
  125  7:01  Shield Battery  
  130  7:09  Probe x3  
  130  7:11  Immortal  
  130  7:12  Stalker  
  130  7:14  Stalker  
  141  7:32  Pylon  
  141  7:36  Pylon x2  
  141  7:38  Probe x3  
  141  7:39  Stalker x2  
  141  7:40  Stalker, Pylon  
  150  7:44  Gateway  
  150  7:47  Gateway  
  150  7:48  Gateway  
  150  7:50  Gateway  
  150  7:51  Protoss Ground Weapons Level 1 (Chrono Boost), Protoss Ground Armor Level 1 (Chrono Boost), Immortal  
  150  7:56  Assimilator  
  154  7:59  Assimilator  
  154  8:01  Gateway  
  154  8:02  Gateway  
  154  8:05  High Templar x3  
  160  8:21  Immortal (Chrono Boost)  
  160  8:22  Nexus  
  160  8:23  Pylon  
  160  8:26  Pylon  
  164  8:40  Pylon  
  164  8:45  High Templar x7  
  164  8:47  Archon  
  178  8:55  Archon x2  
  178  8:56  Archon x2  
  178  8:57  Immortal (Chrono Boost)  
  178  8:58  Stalker  
  184  9:06  Gateway x2  
  184  9:08  Robotics Facility  
  182  9:11  Robotics Facility  
  182  9:15  Gateway  
  182  9:17  Gateway  
  182  9:20  Stalker x6  
  182  9:21  Stalker x3  
  182  9:22  Shield Battery  
  188  9:40  Immortal (Chrono Boost)  
  170  9:46  Zealot x2  
  170  9:47  Zealot x3  
  170  9:48  Zealot x2  
  170  9:49  Zealot x2  
  158  10:11  Immortal x2  
  158  10:13  Stalker x5  
  158  10:14  Stalker x3  
  180  10:16  Stalker  
  180  10:19  Assimilator  
  180  10:21  Assimilator  
  180  10:23  Immortal  
  174  10:31  Zealot x2  
  174  10:32  Zealot x2  
  182  10:36  Zealot  
  182  10:37  Zealot x3  
  182  10:40  Zealot  
  176  11:03  High Templar x5  
  184  11:04  High Templar  
  184  11:05  Zealot x2  
  184  11:06  Zealot  
  184  11:07  Zealot  
Show
View Real Time Build Order
Export as new Build Order

FLZG Zerg 

Build Orders: Hatch First, Roach Hydra 

Get SALT Encoding   

  12  0:00  Drone  
  13  0:12  Overlord  
  13  0:17  Drone  
  14  0:30  Drone x2  
  14  0:35  Drone  
  17  0:49  Hatchery  
  16  0:55  Drone  
  17  1:03  Drone  
  18  1:10  Spawning Pool  
  17  1:13  Drone  
  18  1:18  Drone  
  19  1:28  Drone  
  20  1:39  Overlord  
  20  1:42  Extractor  
  19  1:49  Drone  
  20  2:00  Drone  
  21  2:07  Drone  
  22  2:13  Drone x2  
  22  2:14  Queen  
  22  2:15  Queen  
  28  2:23  Drone x2  
  30  2:31  Overlord  
  30  2:38  Overlord  
  30  2:43  Drone  
  31  2:45  Drone  
  31  2:50  Queen  
  34  2:52  Lair  
  34  2:55  Drone x2  
  36  3:03  Roach Warren  
  36  3:04  Drone  
  36  3:05  Drone  
  37  3:16  Drone  
  37  3:18  Drone  
  39  3:22  Drone x2  
  39  3:23  Drone  
  39  3:26  Drone  
  39  3:27  Drone x2  
  45  3:30  Overlord  
  45  3:31  Overlord  
  45  3:38  Extractor  
  45  3:40  Extractor, Drone  
  44  3:42  Drone  
  45  3:49  Drone  
  45  3:50  Glial Reconstitution  
  46  3:59  Drone x3  
  49  4:04  Roach  
  49  4:05  Roach x3  
  49  4:08  Queen  
  59  4:10  Drone x2  
  61  4:24  Hatchery  
  61  4:30  Overlord  
  61  4:31  Overlord x2  
  60  4:32  Drone x5  
  65  4:42  Overseer  
  65  4:52  Drone x3  
  68  4:53  Drone  
  69  5:12  Drone x3  
  72  5:17  Roach x3  
  78  5:28  Extractor  
  77  5:29  Hydralisk Den  
  77  5:31  Evolution Chamber  
  77  5:32  Evolution Chamber  
  77  5:35  Drone x5  
  75  5:39  Drone x2  
  81  5:53  Drone x5  
  81  5:55  Extractor  
  81  5:56  Overlord  
  85  5:58  Extractor  
  85  6:02  Grooved Spines  
  84  6:10  Drone x3  
  87  6:15  Hydralisk  
  87  6:16  Hydralisk x7  
  103  6:25  Zerg Missile Weapons Level 1, Zerg Ground Armor Level 1  
  103  6:28  Hydralisk  
  103  6:29  Overlord x5  
  105  6:52  Hydralisk  
  105  6:53  Muscular Augments, Hydralisk x8  
  123  6:55  Overlord  
  123  6:56  Overlord x2  
  123  7:03  Hatchery  
  123  7:07  Hydralisk  
  123  7:08  Hydralisk x3  
  124  7:11  Drone  
  124  7:12  Drone x2  
  133  7:32  Drone x2  
  133  7:33  Drone x6  
  133  7:34  Overlord  
  133  7:36  Overlord  
  141  7:43  Hatchery  
  140  7:46  Hydralisk x5  
  150  8:01  Hydralisk  
  150  8:02  Hydralisk x6  
  164  8:12  Infestation Pit  
  163  8:16  Spore Crawler  
  163  8:17  Spine Crawler x2  
  163  8:18  Spore Crawler  
  160  8:20  Drone x4  
  160  8:21  Drone x4, Spine Crawler  
  160  8:22  Overlord x2  
  166  8:30  Drone  
  166  8:31  Hydralisk  
  169  8:37  Hatchery  
  167  8:42  Hydralisk  
  167  8:43  Hydralisk x4  
  177  8:56  Drone x4  
  177  8:57  Drone  
  182  9:14  Roach x5  
  182  9:15  Roach x4, Spine Crawler  
  199  9:32  Spine Crawler  
  199  9:33  Hydralisk x2, Spine Crawler  
  199  9:34  Hydralisk  
  199  9:35  Spore Crawler  
  199  9:37  Hive  
  190  9:41  Lurker Den  
  167  9:45  Hydralisk  
  167  9:46  Hydralisk x7  
  171  9:55  Roach x6  
  151  10:04  Roach x6  
  129  10:13  Roach  
  129  10:14  Roach x7  
  141  10:24  Extractor  
  141  10:25  Extractor, Roach  
  141  10:26  Roach x6  
  140  10:36  Hydralisk  
  140  10:37  Hydralisk x4  
  150  10:47  Roach  
  150  10:48  Roach x5  
  112  11:00  Roach x6  
  112  11:01  Roach  
Tags
 
Add a new tag
Caveats
  • Supply blocks, unpowered buildings, or Contaminate may cause inaccurate times.
  • Supply counts are checked every 10 seconds.